 Dungeon Crawl Stone Soup version 0.17-a0-2007-g96ac4c4 (webtiles) character file.

14 Mordenkainen the Sneak (level 2, -3/19 HPs)
             Began as a Vampire Wizard on Oct 9, 2015.
             Killed from afar by Terence (9 damage)
             ... with a wand of frost
             ... on level 2 of the Dungeon.
             The game lasted 00:01:30 (664 turns).

Mordenkainen the Sneak (Vampire Wizard)              Turns: 664, Time: 00:01:30

Health: -3/19      AC:  2    Str:  6    XL:     2   Next: 31%
Magic:  1/6        EV: 12    Int: 20    God:
Gold:   5          SH:  0    Dex: 12    Spells: 1 memorised, 6 levels left

rFire  . . .     SeeInvis +     (no weapon)
rCold  . . .     Clarity  .     a - +0 robe
rNeg   + . .     SustAt   .     (no shield)
rPois  .         Gourm    .     b - +0 hat
rElec  .         Spirit   .     (no cloak)
rCorr  .         Warding  .     (no gloves)
rMut   .         Stasis   .     (no boots)
MR     .....                    (no amulet)
Stlth  ++........               (no ring)
                                (no ring)

@: not resistant to hostile enchantments, unstealthy
A: fangs 3, see invisible, unbreathing
a: no special abilities


You were on level 2 of the Dungeon.
You were not thirsty.

You visited 1 branch of the dungeon, and saw 2 of its levels.

You collected 5 gold pieces.

Inventory:

Armour
 a - a +0 robe (worn)
 b - a +0 hat (worn)
Scrolls
 e - a scroll of remove curse {unknown}
 g - a scroll of immolation {unknown}
 j - a scroll of identify {unknown}
 m - a scroll of blinking {unknown}
Potions
 d - a potion of blood
 f - 3 potions of resistance {unknown}
 h - a potion of degeneration {unknown}
 i - a potion of cancellation {unknown}
 k - a potion of heal wounds {unknown}
 l - a potion of brilliance {unknown}
Books
 c - a book of Minor Magic

   Spells                             Type                      Level
   a - Magic Dart                     Conjuration                  1
   b - Blink                          Translocation                2
   c - Call Imp                       Summoning                    2
   d - Repel Missiles                 Charms/Air                   2
   e - Slow                           Hexes                        2
   f - Conjure Flame                  Conjuration/Fire             3
   g - Mephitic Cloud                 Conjuration/Poison/Air       3


   Skills:
 - Level 2.1 Dodging
 - Level 3.0 Stealth
 - Level 3.0 Spellcasting
 * Level 1.7 Conjurations
   Level 1.0 Summonings
   Level 0.7 Translocations


You had 6 spell levels left.
You knew the following spells:

 Your Spells              Type           Power        Failure   Level  Hunger
a - Magic Dart            Conj           ##..         10%         1    None


Dungeon Overview and Level Annotations

Branches:
Dungeon (2/15)

Altars:

Annotations:
D:2 Terence


Innate Abilities, Weirdness & Mutations

You have razor-sharp teeth.
You have supernaturally acute eyesight.
You can survive without breathing.


Message History

Terence is heavily wounded.
Terence zaps a wand.
The puff of frost misses you.
It is a wand of frost.
You hit Terence.
Terence is heavily wounded.
Terence barely misses you.
You hit Terence but do no damage.
Terence is heavily wounded.
You barely miss Terence.
Terence is heavily wounded.
Terence zaps a wand.
The puff of frost hits you!
* * * LOW HITPOINT WARNING * * *
You hit Terence but do no damage.
Terence is heavily wounded.
Terence zaps a wand.
The puff of frost misses you.
You hit Terence but do no damage.
Terence is heavily wounded.
Terence hits you with a hand axe.
* * * LOW HITPOINT WARNING * * *
Terence zaps a wand.
The puff of frost hits you!
You die...

...... ......######
########
......#....#######......#
...........#............#
...........#............#
.........................
#!....@.# #.............
#.......# #.......†...(#
#......@###........#####
#................#######
##+#####[.....#.........
#.............###
#.............# #
###...........###
#.....#####....
#########......
#####....###


You could see Terence.

Vanquished Creatures
  2 bats (D:1)
  A giant cockroach (D:1)
  2 goblins (D:1)
  2 hobgoblins (D:1)
  A giant newt (D:1)
  2 kobolds
  3 rats (D:1)
13 creatures vanquished.

Notes
Turn   | Place    | Note
--------------------------------------------------------------
     0 | D:1      | Mordenkainen the Vampire Wizard began the quest for the Orb.
     0 | D:1      | Reached XP level 1. HP: 13/13 MP: 4/4
    83 | D:1      | Reached skill level 1 in Conjurations
   367 | D:1      | Reached XP level 2. HP: 10/19 MP: 3/6
   650 | D:2      | Noticed Terence
   664 | D:2      | Killed from afar by Terence

Vault maps used:
D:1:      eino_arrival_druids_welcome, kennysheep_another_room
D:2:      uniq_terence

Action                   || total
-------------------------++-------
Melee: Unarmed           ||    43
 Cast: Magic Dart        ||    30
